 Dungeon Crawl Stone Soup version 0.27-a0-1232-gc6a4cbde82 (webtiles) character file.

Game seed: 3592554637348402320

170 bobarctor the Grave Robber (level 5, -1/28 HPs)
             Began as a Deep Elf Necromancer on June 8, 2021.
             Killed from afar by Grinder (12 damage)
             ... with a puff of flame
             ... on level 3 of the Dungeon.
             The game lasted 00:12:36 (4404 turns).

bobarctor the Grave Robber (Deep Elf Necromancer)   Turns: 4404, Time: 00:12:37

Health: -1/28      AC:  4    Str:  5    XL:     5   Next: 25%
Magic:  15/15      EV: 12    Int: 21    God:
Gold:   126        SH:  0    Dex: 15    Spells: 6/15 levels left

rFire    . . .     SeeInvis .   s - +1 short sword (venom)
rCold    . . .     Faith    .   (no shield)
rNeg     . . .     Spirit   .   a - +0 robe
rPois    .         Reflect  .   (no helmet)
rElec    .         Harm     .   f - +0 cloak
rCorr    .         Rampage  .   (no gloves)
Will     .....                  h - +0 pair of boots
Stlth    ++........             (no amulet)
HPRegen  0.09/turn              (no ring)
MPRegen  0.14/turn              (no ring)

@: no status effects
A: no striking features
a: no special abilities


You were on level 3 of the Dungeon.
You visited 1 branch of the dungeon, and saw 4 of its levels.

You collected 126 gold pieces.

Inventory:

Hand Weapons
 c - a +0 short sword
 j - a +2 dagger of draining
 k - a +0 hand crossbow
 s - a +1 short sword of venom (weapon)
Missiles
 b - 55 stones (quivered)
 n - 13 arrows
 r - 18 bolts
 v - 4 poisoned darts
Armour
 a - a +0 robe (worn)
 f - a +0 cloak (worn)
 h - a +0 pair of boots (worn)
Magical Staves
 l - a staff of death
Scrolls
 e - a scroll of identify {unknown}
 m - a scroll of enchant weapon {unknown}
 o - a scroll of noise {unknown}
 p - a scroll of acquirement {unknown}
 q - a scroll of amnesia {unknown}
 t - a scroll of enchant armour {unknown}
 u - a scroll of brand weapon {unknown}
Potions
 d - 2 potions of curing {unknown}
 g - a potion of cancellation {unknown}
 i - a potion of attraction {unknown}


   Skills:
 + Level 2.4 Dodging
 + Level 2.8 Stealth
 * Level 5.9 Spellcasting
 + Level 6.2 Necromancy


You had 6 spell levels left.
You knew the following spells:

 Your Spells              Type           Power      Damage    Failure   Level
a - Pain                  Necr           100%       1d9       1%          1
b - Animate Skeleton      Necr           64%        N/A       1%          1
c - Vampiric Draining     Necr           16%        2d8       2%          3
d - Animate Dead          Necr           16%        N/A       8%          4

Your spell library contained the following spells:

 Spells                   Type           Power      Damage    Failure   Level
 Agony                    Necr           32%        N/A       22%         5


Dungeon Overview and Level Annotations

Branches:
Dungeon (4/15)
 Temple: D:4-7

Altars:
Gozag

Annotations:
D:3 Grinder


Message History

You feel sick.
The kobold throws a poisoned dart.
The poisoned dart hits you!
You are more poisoned.
You feel very sick.
You feel sick. The kobold hits you but does no damage.
You hit the kobold.
You kill the kobold!
You feel sick.
Unknown command.
You start resting.
You feel sick. x6
You are no longer poisoned.
You start resting.
HP restored.
Things that are here:
a +0 dagger; 4 poisoned darts; a kobold corpse
v - 4 poisoned darts
Found an opulent altar of Gozag.
You now have 120 gold pieces (gained 6).
There is an opulent altar of Gozag here.
You now have 126 gold pieces (gained 6).
A goblin comes into view. It is wielding a +0 club.
The goblin shouts!
You hit the goblin.
You kill the goblin!
Things that are here:
a +0 club; a goblin corpse Grinder shouts!
Grinder is nearby!
Sorry, you're not good enough to have a special ability.
Unknown command.
Grinder zaps a wand.
The puff of flame hits you!
Things that are here:
a +0 club; a goblin corpse You open the door.
Something unseen opens the door.
There is an open door here.
There is a stone staircase leading down here.
Grinder zaps a wand.
The puff of flame hits you.
Grinder zaps a wand.
The puff of flame hits you.
There is an open door here.
Grinder zaps a wand.
The puff of flame hits you!
You die...

...#####.## ####.#### #..
##.......# #.# #.. #.#####.# #.#
####.. #.# ##'## ##†## #..... #.#
##...## #...# #.##.. #
#.###.....## ####..# #.##..
###.##.......## ##.###.# #.##.#
.##.#.........####...#..####.##..
....'......>5.'.@................
.##.#.........####...#.#####.##..
###.##.......## ##.##.# #.##.. #
#.###.....## ####.# #..... ###.#
##...## #.# #####. ....# ##'##
#.# #. #########.# #.# #.
#.........# #.# #. #.######..## .
#.


You could see Grinder.

Vanquished Creatures
  A scorpion (D:3)
  2 adders
  An adder skeleton (D:2)
  4 dart slugs
  4 orcs (D:3)
  9 ball pythons
  2 endoplasms
  3 giant cockroaches
  5 goblins
  2 hobgoblins (D:2)
  11 jackals
  10 kobolds
  6 quokkas
  5 bats
  2 frilled lizards
  11 rats
78 creatures vanquished.

Notes
Turn   | Place    | Note
-------+----------+-------------------------------------------
     0 | D:1      | bobarctor the Deep Elf Necromancer began the quest for the
                  | Orb.
     0 | D:1      | Reached XP level 1. HP: 10/10 MP: 6/6
   151 | D:1      | Reached skill level 5 in Necromancy
   236 | D:1      | Learned a level 1 spell: Animate Skeleton
   252 | D:1      | Reached XP level 2. HP: 8/15 MP: 0/8
  1362 | D:2      | Reached XP level 3. HP: 12/19 MP: 7/10
  1469 | D:2      | Learned a level 3 spell: Vampiric Draining
  2701 | D:2      | Reached XP level 4. HP: 22/24 MP: 12/12
  3129 | D:3      | Noticed Grinder
  3259 | D:3      | Found a faded altar of an unknown god.
  3334 | D:3      | Learned a level 4 spell: Animate Dead
  3363 | D:3      | Reached skill level 5 in Spellcasting
  3546 | D:3      | You fall into a shaft and drop 1 floor!
  3854 | D:3      | Noticed a scorpion
  3857 | D:3      | Killed a scorpion
  3858 | D:3      | Reached skill level 6 in Necromancy
  3858 | D:3      | Reached XP level 5. HP: 25/28 MP: 11/15
  4312 | D:3      | Found an opulent altar of Gozag.
  4404 | D:3      | Killed from afar by Grinder

Illustrated notes

Levels and vault maps discovered:
D:1:      lightli_arrival_isolated_outpost, layout_loops_ring
D:2:      layout_basic
D:3:      layout_loops_corners, nicolae_gozag_cash_rules_everything_around_me,
          chequers_ecumenical_altar_twisty, minmay_divided_ellipse, uniq_grinder
D:4:      layout_rooms, ebering_ghost_rock_garden, minmay_misc_feat_alley

Skill      XL: |  1  2  3  4 |
---------------+-------------+-----
Necromancy     | 5 6 |  6.2
Spellcasting   | 4 5 |  5.9
Dodging        | |  2.4
Stealth        | |  2.8

Action                   |  1- 3 |  4- 6 || total
-------------------------+-------+-------++-------
Melee: Short sword       |    11 |     8 ||    19
       Dagger            |    18 |     3 ||    21
 Cast: Pain              |    72 |    29 ||   101
       Vampiric Draining |     2 |     6 ||     8
 Stab: Sleeping          |     1 |     2 ||     3
Armor: Robe              |     4 |     3 ||     7
Dodge: Dodged            |    29 |    10 ||    39

Table legend: (Time is in decaauts)
 A = Elapsed time spent in this place.
 B = Non-inter-level travel time spent in this place.
 C = Inter-level travel time spent in this place.
 D = Time resting spent in this place.
 E = Time spent auto-exploring this place.
 F = Levels seen in this place.
 G = Mean time per level.
                   A        B        C        D        E       F      G
               +--------+--------+--------+--------+--------+-----+--------+
         Total |   4410 |   4255 |    155 |   1499 |   2206 |   4 | 1102.5 |
       Dungeon |   4410 |   4255 |    155 |   1499 |   2206 |   4 | 1102.5 |
               +--------+--------+--------+--------+--------+-----+--------+

Top non-repeatable levels by time:
     D:2: 1781 daAuts
     D:3: 1322 daAuts
     D:1: 1275 daAuts
     D:4: 29 daAuts
